 Dungeon Crawl Stone Soup version 0.19.1 (webtiles) character file.

36419 Nakatomy the Warrior (level 13, -5/190 HPs)
             Began as a Centaur Hunter on Dec 27, 2016.
             Was a High Priest of Trog.
             Killed from afar by an acid blob (15 damage)
             ... with a splash of acid
             ... on level 5 of the Lair of Beasts on Dec 28, 2016.
             The game lasted 01:25:08 (30906 turns).

Nakatomy the Warrior (Centaur Hunter)              Turns: 30906, Time: 01:25:08

Health: -5/190     AC: -4    Str: 19    XL:     13   Next: 52%
Magic:  13/13      EV:  9    Int: 10    God:    Trog [*****.]
Gold:   997        SH:  0    Dex: 20    Spells: 0 memorised, 12 levels left

rFire  . . .     SeeInvis .     b - +3 mace
rCold  + + +     Gourm    .     l - +1 ring mail "Mirhut" {+Blink rC++}
rNeg   . . .     Faith    .     (no shield)
rPois  .         Spirit   .     (no helmet)
rElec  .         Reflect  .     (no cloak)
rCorr  .         Harm     +     o - +1 pair of gloves
MR     .....                    (no barding)
Stlth  ..........               H - amulet of harm
                                C - +4 ring of dexterity
                                U - ring of protection from cold

@: berserking, corroded, very quick
A: hooves 3, deformed body, speed 2, tough skin 3
a: Berserk, Trog's Hand, Brothers in Arms, Burn Spellbooks, Renounce Religion,
Evoke Blink


You were on level 5 of the Lair of Beasts.
You worshipped Trog.
Trog was extremely pleased with you.
You were not hungry.

You visited 2 branches of the dungeon, and saw 17 of its levels.

You collected 997 gold pieces.

Inventory:

Hand Weapons
 a - a +2 shortbow
 b - a +3 mace (weapon)
 A - a +0 halberd of flaming
 I - a +1 trident of venom
Missiles
 u - 137 arrows
Armour
 l - the +1 ring mail "Mirhut" (worn) {+Blink rC++}
   (You found it on level 4 of the Dungeon)

   It greatly protects you from cold.
   It lets you blink.
 o - a +1 pair of gloves (worn)
 G - the +1 ring mail "Lonise" {SInv}
   (You found it on level 1 of the Lair of Beasts)

   It lets you see invisible.
Jewellery
 C - a +4 ring of dexterity (right hand)
 H - an amulet of harm (around neck)
 Q - an uncursed ring of stealth
 U - a ring of protection from cold (left hand)
Wands
 d - a wand of acid (8/15)
 x - a wand of heal wounds (8/9)
 y - a wand of teleportation (7/9)
 z - a wand of polymorph (9/24)
 M - a wand of acid (6/15)
 T - a wand of teleportation (5/9)
Scrolls
 c - 2 scrolls of teleportation
 e - 6 scrolls of identify
 g - 2 scrolls of enchant weapon
 i - 3 scrolls of remove curse
 j - 4 scrolls of recharging
 s - 4 scrolls of enchant armour
 E - a scroll of fog
 J - a scroll of fear {unknown}
Potions
 k - 3 potions of lignification {unknown}
 m - a potion of berserk rage
 n - 3 potions of magic
 p - 2 potions of heal wounds
 q - 3 potions of agility
 t - a potion of flight
 v - 3 potions of ambrosia {unknown}
 w - 4 potions of curing
 B - a potion of degeneration {unknown}
 D - a potion of resistance {unknown}
 L - a potion of cancellation {unknown}
 O - a potion of cure mutation {unknown}
 R - a potion of beneficial mutation {unknown}
Comestibles
 f - 8 bread rations
 h - 6 fruits
 r - 5 meat rations


   Skills:
 + Level 15.2 Fighting
 - Level 13.7 Bows
 + Level 11.0 Armour
 - Level 1.3 Dodging
 - Level 0.4 Stealth


You had 12 spell levels left.
You didn't know any spells.

Dungeon Overview and Level Annotations

Branches:
Dungeon (11/15)            Temple (0/1) D:7            Lair (6/6) D:10
  Swamp (0/4) Lair:2        Snake (0/4) Lair:4        Slime (0/5) Lair:5
    Orc: D:9-12

Altars:
Gozag
Makhleb
Okawaru
Sif Muna
Trog
Vehumet
Xom

Shops:
D:4 :

Portals:
Trove: D:10 (give wand of hasting (9))

Annotations:
D:2 exclusion: downstairs, Sigmund
D:9 exclusion: downstairs
D:10 exclusion: downstairs
Lair:5 exclusion: downstairs


Innate Abilities, Weirdness & Mutations

You have hooves in place of feet.
Armour fits poorly on your strangely shaped body.
You cover ground very quickly.
You have extremely tough skin. (AC +3)


Message History

Unknown command.
Unknown command.
b - a +3 mace (weapon)
The acid blob spits acid at you. The splash of acid hits you!
The acid corrodes you!
You are splashed with acid!
The acid burns!
* * * LOW HITPOINT WARNING * * *
A red film seems to cover your vision as you go berserk!
You feel yourself moving faster!
You feel mighty!
You feel a lot more hungry. The acid blob spits acid at you.
The splash of acid hits you!
* * * LOW HITPOINT WARNING * * *
The acid corrodes you!
You are splashed with acid!
The acid burns!
* * * LOW HITPOINT WARNING * * *
You hit the acid blob. The acid corrodes you!
Your hands burn!
* * * LOW HITPOINT WARNING * * *
The acid blob is moderately wounded.
The acid blob spits acid at you. The splash of acid hits you!
You die...

....<................≈≈§.........
..P.>................§≈§.........
#PP......#...........≈≈≈.........
.........#..#....................
....##.#....#.............P......
.#.#.....P.............#######...
.........................##.###..
...........................#.##..
................@..../.......###.
...............J.............##..
.............(...............##..
.#.......P..................#.#P.
.........((......................
.................................
............................≈≈≈≈≈
............................≈≈≈P≈
............................≈≈≈P≈


You could see an acid blob.

Vanquished Creatures
  The ghost of TheMardin the Cleaver, a journeyman DDFi of Makhleb (Lair:1)
  4 hydras
  Pikel (D:5)
  An oklob plant (Lair:5)
  2 wolf spiders (Lair:3)
  3 elephants (Lair:3)
  2 black mambas
  6 komodo dragons
  A rime drake (Lair:5)
  12 spiny frogs
  2 trolls (D:9)
  A hornet (Lair:3)
  20 blink frogs
  2 tyrant leeches
  11 dream sheep (Lair:5)
  A polar bear (Lair:4)
  6 hippogriffs
  30 yaks
  2 wyverns
  The ghost of eXcel the Shooter, an amateur CeHu (D:3)
  2 vampire mosquitoes (Lair:5)
  A hungry ghost (D:10)
  4 nagas (Lair:4)
  2 hell hounds
  7 water moccasins
  10 porcupines
  2 black bears
  2 ice beasts
  6 orc warriors
  2 phantoms (D:10)
  A slave (D:5)
  6 ogres
  An eye of draining (Lair:5)
  A necrophage (D:7)
  14 wolves
  4 centaurs
  12 crocodiles
  20 bullfrogs
  2 scorpions
  4 killer bees (D:9)
  5 howler monkeys
  3 wights (D:9)
  An electric eel (Lair:1)
  5 crimson imps
  3 bullfrog zombies
  2 quasits
  A centaur zombie (D:6)
  8 orc priests
  8 hounds
  8 orc wizards
  6 jellies
  5 iguanas
  Terence (D:2)
  13 hell rats (Lair:2)
  7 worker ants
  2 killer bee zombies
  3 hound zombies
  A hound skeleton (D:5)
  A worker ant zombie (D:6)
  A howler monkey skeleton (D:5)
  15 adders
  12 gnolls
  13 river rats
  4 shadow imps
  6 adder skeletons
  3 adder zombies
  3 worms
  4 dart slugs
  10 leopard geckos
  39 orcs
  4 giant cockroaches
  9 hobgoblins
  12 jackals
  5 kobolds
  11 quokkas
  2 ball pythons
  7 bats
  9 frilled lizards
  5 goblins
  A jackal zombie (D:6)
  A leopard gecko skeleton (D:4)
  25 rats
496 creatures vanquished.

Vanquished Creatures (collateral kills)
  The ghost of lassi123 the Blocker, a journeyman FoFi of Okawaru (Lair:5)
1 creature vanquished.

Vanquished Creatures (others)
  A slave (D:7)
  An adder skeleton (D:7)
  7 bushes
  27 fungi
  50 plants
86 creatures vanquished.

Grand Total: 583 creatures vanquished

Notes
Turn   | Place    | Note
-------+----------+-------------------------------------------
     0 | D:1      | Nakatomy the Centaur Hunter began the quest for the Orb.
     0 | D:1      | Reached XP level 1. HP: 17/17 MP: 1/1
   468 | D:1      | Reached XP level 2. HP: 23/25 MP: 2/2
   703 | D:1      | Reached XP level 3. HP: 18/30 MP: 3/3
  1168 | D:2      | Noticed Sigmund
  1185 | D:2      | Found a faded altar of an unknown god.
  1391 | D:2      | Reached skill level 3 in Fighting
  1509 | D:2      | Found a bloodstained altar of Trog.
  1520 | D:2      | Became a worshipper of Trog the Wrathful
  1969 | D:2      | Noticed Terence
  1998 | D:2      | Reached XP level 4. HP: 22/38 MP: 4/4
  2004 | D:2      | Killed Terence
  2557 | D:3      | Noticed eXcel's ghost (amateur CeHu)
  2862 | D:3      | Reached XP level 5. HP: 27/45 MP: 5/5
  3163 | D:3      | Found a deep blue altar of Sif Muna.
  3443 | D:3      | Reached * piety under Trog
  3634 | D:3      | Reached skill level 4 in Fighting
  3637 | D:3      | Reached XP level 6. HP: 45/52 MP: 6/6
  4180 | D:3      | Killed eXcel's ghost
  4780 | D:4      | Reached XP level 7. HP: 60/60 MP: 7/7
  4814 | D:4      | Found Igunerr's Book Emporium.
  5028 | D:4      | Reached ** piety under Trog
  5028 | D:4      | Reached skill level 5 in Fighting
  5028 | D:4      | Reached skill level 10 in Bows
  5628 | D:4      | Got a bloodstained ring mail
  5639 | D:4      | Identified the cursed +1 ring mail "Mirhut" {+Blink rC++} (You found it on level 4 of the Dungeon)
  5722 | D:5      | Entered Level 5 of the Dungeon
  5729 | D:5      | Reached XP level 8. HP: 70/70 MP: 8/8
  6279 | D:5      | Noticed Pikel
  6297 | D:5      | Found a radiant altar of Vehumet.
  6298 | D:5      | Found a shimmering altar of Xom.
  6323 | D:5      | Reached skill level 6 in Fighting
  6339 | D:5      | Killed Pikel
  6531 | D:5      | You fall through a shaft for 3 floors!
  6531 | D:8      | Noticed a hippogriff
  6572 | D:7      | Found an iron altar of Okawaru.
  6647 | D:7      | Reached *** piety under Trog
  6712 | D:6      | Reached skill level 7 in Fighting
  6714 | D:6      | Reached XP level 9. HP: 79/79 MP: 9/9
  6976 | D:6      | Received a gift from Trog
  7780 | D:5      | Reached skill level 1 in Armour
  8229 | D:7      | Found a staircase to the Ecumenical Temple.
  8708 | D:8      | Reached skill level 8 in Fighting
  9053 | D:8      | Reached **** piety under Trog
  9570 | D:8      | Found a burning altar of Makhleb.
 10023 | D:9      | Reached skill level 9 in Fighting
 10023 | D:9      | Reached XP level 10. HP: 91/91 MP: 10/10
 10857 | D:10     | Entered Level 10 of the Dungeon
 10857 | D:10     | Found a portal to a secret trove of treasure.
 10859 | D:10     | Received a gift from Trog
 11346 | D:9      | Reached skill level 10 in Fighting
 11346 | D:9      | Reached skill level 5 in Armour
 12216 | D:10     | Found a staircase to the Lair.
 12342 | D:10     | Reached ***** piety under Trog
 12818 | Lair:1   | Entered Level 1 of the Lair of Beasts
 12823 | Lair:1   | Noticed TheMardin's ghost (journeyman DDFi)
 13517 | Lair:1   | Killed TheMardin's ghost
 13733 | Lair:1   | Noticed a spiny frog
 13770 | Lair:1   | Killed a spiny frog
 14138 | Lair:1   | Noticed a spiny frog
 14513 | D:10     | Received a gift from Trog
 14597 | D:10     | Reached skill level 11 in Fighting
 14597 | D:10     | Reached XP level 11. HP: 77/102 MP: 11/11
 15403 | Lair:1   | Got a transparent ring mail
 16048 | Lair:1   | Found an opulent altar of Gozag.
 16325 | Lair:2   | Found a staircase to the Swamp.
 17101 | Lair:2   | Noticed an eight-headed hydra
 17209 | Lair:2   | Killed an eight-headed hydra
 17444 | D:10     | Identified the cursed +1 ring mail "Lonise" {SInv} (You found it on level 1 of the Lair of Beasts)
 17841 | Lair:2   | Received a gift from Trog
 17961 | Lair:2   | Reached skill level 12 in Fighting
 18216 | Lair:2   | Noticed a six-headed hydra
 18413 | Lair:2   | Killed a six-headed hydra
 19799 | Lair:3   | Noticed a wolf spider
 19809 | Lair:3   | Killed a wolf spider
 20234 | Lair:3   | Reached XP level 12. HP: 99/113 MP: 12/12
 20465 | Lair:3   | Reached skill level 13 in Fighting
 22528 | Lair:4   | Received a gift from Trog
 23066 | Lair:4   | Found a staircase to the Snake Pit.
 23486 | Lair:5   | Noticed lassi123's ghost (journeyman FoFi)
 23683 | Lair:5   | Killed lassi123's ghost
 23683 | Lair:5   | Received a gift from Trog
 24118 | Lair:5   | Reached skill level 14 in Fighting
 25010 | Lair:5   | Reached skill level 10 in Armour
 25652 | Lair:5   | Reached XP level 13. HP: 115/125 MP: 13/13
 25883 | Lair:5   | Received a gift from Trog
 26251 | Lair:5   | Found a staircase to the Slime Pits.
 26620 | Lair:6   | Entered Level 6 of the Lair of Beasts
 27106 | Lair:4   | Received a gift from Trog
 29132 | Lair:4   | Received a gift from Trog
 29267 | Lair:5   | Reached skill level 15 in Fighting
 30407 | Lair:5   | Noticed an acid blob
 30431 | Lair:5   | HP: 1/127 [acid (13)]
 30906 | Lair:5   | Killed from afar by an acid blob

Skill      XL: |  1  2  3  4  5  6  7  8  9 10 11 12 13 |
---------------+----------------------------------------+-----
Bows           | 6 7 8 9 11 13 | 13.7
Fighting       | 3 4 5 7 9 11 12 14 15 | 15.2
Armour         | 3 6 8 10 11 | 11.0
Dodging        | |  1.3
Stealth        | |  0.4

Action                   |  1- 3 |  4- 6 |  7- 9 | 10-12 | 13-15 || total
-------------------------+-------+-------+-------+-------+-------++-------
Melee: Short sword       |   154 |   132 |   120 |       |       ||   406
       Kick              |    34 |    40 |    30 |    46 |     7 ||   157
       Shortbow          |     3 |     6 |       |     2 |       ||    11
       Mace              |       |       |    21 |   101 |    19 ||   141
 Fire: Shortbow          |    18 |    72 |   462 |  1624 |   420 ||  2596
Invok: Berserk           |       |     3 |     2 |    10 |     3 ||    18
       Burn Spellbooks   |       |       |     1 |     1 |       ||     2
       Brothers in Arms  |       |       |       |     2 |       ||     2
  Use: Potion            |     1 |     1 |       |       |       ||     2
       Scroll            |       |       |    10 |     8 |     3 ||    21
  Eat: Chunk             |     3 |     5 |    14 |    42 |     6 ||    70
       Meat ration       |       |     1 |       |       |       ||     1
       Fruit             |       |       |     1 |     5 |     5 ||    11
       Pizza             |       |       |       |     3 |     2 ||     5
       Beef jerky        |       |       |       |       |     2 ||     2
Armor: Leather armour    |    72 |    51 |    16 |       |       ||   139
       Ring mail         |       |       |   129 |   193 |    58 ||   380
Dodge: Dodged            |    83 |    60 |   120 |   199 |    73 ||   535
